 Dungeon Sprint DCSS version 0.26-a0-660-gc07710193c (webtiles) character file.

Game seed: 7363308600712110188

1274 sahdkjhfkaj the Transmogrifier (level 8, -1/87 HPs)
             Began as an Octopode Transmuter on Oct 7, 2020.
             Was an Initiate of Gozag.
             Slain by Snorg (22 damage)
             ... in the Dungeon (Sprint III: "The Ten Rune Challenge").
             The game lasted 00:03:14 (976 turns).

sahdkjhfkaj the Transmogrifier (Octopode Transmuter) Turns: 976, Time: 00:03:23

Health: -1/87      AC:  1    Str: 11    XL:     8   Next: 53%
Magic:  6/11       EV: 16    Int: 15    God:    Gozag
Gold:   212        SH:  0    Dex: 13    Spells: 2/11 levels left

rFire    . . .     SeeInvis .     - Unarmed
rCold    . . .     Faith    .   (shield currently unavailable)
rNeg     . . .     Spirit   .   (helmet restricted)
rPois    .         Reflect  .   (no amulet)
rElec    .         Harm     .   (no ring)
rCorr    .         Rampage  .   (no ring)
MR       .....     NoTele   +   (no ring)
Stlth    ..........             (no ring)
HPRegen  0.24/turn              (no ring)
MPRegen  0.12/turn              (no ring)
                                (no ring)
                                (no ring)

@: berserking, blade tentacles, very quick
A: almost no armour, stealthy swim, amphibious, 8 rings, constrict 8, camouflage
1, gelatinous body 1
a: End Transformation, Potion Petition, Call Merchant, Bribe Branch, Renounce
Religion


You were in the Dungeon.
You worshipped Gozag.
Gozag was aware of your devotion.
You had blades for tentacles.
You visited 1 branch You collected 212 gold pieces.

Inventory:

Scrolls
 g - a scroll of blinking
 i - 2 scrolls of torment {unknown}
 j - 2 scrolls of remove curse {unknown}
 l - a scroll of identify {unknown}
 m - a scroll of immolation {unknown}
Potions
 a - a potion of stabbing {unknown}
 b - 3 potions of curing
 c - a potion of heal wounds
 d - a potion of haste
 e - 2 potions of magic
 f - 2 potions of berserk rage
 h - a potion of cancellation {unknown}
 k - 4 potions of flight
 n - 5 potions of mutation
 o - a potion of might


   Skills:
 + Level 6.9 Fighting
 + Level 6.6 Dodging
 + Level 10.5 Unarmed Combat
 - Level 2.0 Spellcasting
 - Level 12.2 Transmutations


You had 2 spell levels left.
You knew the following spells:

 Your Spells              Type           Power        Failure   Level
a - Beastly Appendage     Tmut           #####.       8%          1
A - Blade Hands           Tmut           #####.....   30%         5
N - Confusing Touch       Hex            #.......     89%         3

Your spell library contained the following spells:

 Spells                   Type           Power        Failure   Level
 Wereblood                Tmut           #####...     9%          2
 Animate Skeleton         Necr           #.....       65%         1
 Apportation              Tloc           #.....       65%         1
 Corona                   Hex            #......      65%         1
 Summon Small Mammal      Summ           #...         65%         1
 Spider Form              Tmut/Pois      ###.......   34%         3
 Ice Form                 Ice/Tmut       ###.....     61%         4
 Petrify                  Tmut/Erth      ###.....     61%         4
 Yara's Violent Unravell  Hex/Tmut       ###.......   85%         5
 Gell's Gravitas          Tloc           #.........   89%         3
 Metabolic Englaciation   Hex/Ice        #.........   100%        5


Dungeon Overview and Level Annotations

Branches:
Dungeon (1/1)

Altars:
Cheibriados
Dithmenos
Elyvilon
Fedhas
Gozag
Hepliaklqana
Kikubaaqudgha
Makhleb
Nemelex Xobeh
Okawaru
Qazlal
Ru
Sif Muna
Trog
Uskayaw
Vehumet
Wu Jian
Xom
Yredelemnul
Zin
The Shining One
Beogh
Jiyva
Lugonu

Annotations:
D Snorg


Innate Abilities, Weirdness & Mutations

You cannot wear most types of armour.
You are very stealthy in the water. (Stealth+)
You are amphibious.
You can wear up to eight rings at the same time.
You can use your tentacles to constrict eight enemies at once.
Your skin changes colour to match your surroundings (Stealth+).
Your rubbery body absorbs attacks. (AC +1, EV +1)


Message History

Snorg shouts!
You slice Snorg!! You squeeze Snorg!
Snorg is moderately wounded.
Snorg misses you. Snorg barely misses you. Snorg closely misses you.
You barely miss Snorg.
Snorg is moderately wounded.
Snorg goes berserk!
You barely miss Snorg. You squeeze Snorg.
Snorg is moderately wounded.
Snorg barely misses you. Snorg claws you. Snorg completely misses you.
You slice Snorg!!
Snorg is heavily wounded.
Snorg closely misses you. Snorg claws you!! Snorg closely misses you.
A red film seems to cover your vision as you go berserk!
You feel yourself moving faster!
You feel mighty! Snorg bites you!! Snorg barely misses you. Snorg claws you!
* * * LOW HITPOINT WARNING * * *
Snorg misses you. Snorg claws you!!
You die...
Your body crumbles into a pile of gold.

.#___#___#__#$$$ $
.#...#__.#._#$ $
.###)#)###)## $ $
.#..........# $ $$
.'.⌠........#$$$$$$
.#...######'#$$ $ $
.#.⌠.#__#...#+#####
.#...#__#...#.§§§§+
.#'###__#...#.#§@≈#
.#)).#__#...'.#§T§#
.#___#__'...#.#§.§#
▓▓▓▓▓▓▓▓▓▓▓▓▓▓▓▓▓▓▓


You could see Snorg (berserk).

Vanquished Creatures
  A deep elf mage (D)
  A shadow (D)
  A spatial vortex (D)
  A necrophage (D)
  A water elemental (D)
  A scorpion (D)
  A jelly (D)
  A wizard (D)
  Jessica (D)
  A necromancer (D)
  A kobold demonologist (D)
  3 humans (D)
  3 rats (D)
17 creatures vanquished.

Vanquished Creatures (others)
  4 plants (D)
4 creatures vanquished.

Grand Total: 21 creatures vanquished

Notes
Turn   | Place    | Note
-------+----------+-------------------------------------------
     0 | D        | sahdkjhfkaj the Octopode Transmuter began the quest for the
                  | Orb.
     0 | D        | Reached XP level 1. HP: 13/13 MP: 3/3
    64 | D        | Noticed Jessica
    68 | D        | Killed Jessica
    68 | D        | Reached XP level 2. HP: 16/18 MP: 3/5
    68 | D        | Reached XP level 3. HP: 20/23 MP: 3/6
   203 | D        | Noticed a scorpion
   207 | D        | Killed a scorpion
   207 | D        | Reached skill level 4 in Transmutations
   207 | D        | Reached XP level 4. HP: 28/28 MP: 5/7
   246 | D        | Noticed a water elemental
   254 | D        | Killed a water elemental
   254 | D        | Reached skill level 7 in Transmutations
   254 | D        | Reached XP level 5. HP: 11/33 MP: 6/8
   458 | D        | Learned a level 5 spell: Blade Hands
   467 | D        | Found a hide-covered altar of Uskayaw.
   467 | D        | Found a roughly hewn altar of Beogh.
   467 | D        | Found an iron altar of Okawaru.
   467 | D        | Found a bloodstained altar of Trog.
   467 | D        | Found an ornate altar of the Wu Jian Council.
   467 | D        | Noticed a human
   470 | D        | Noticed a human
   471 | D        | Killed a human
   471 | D        | Reached skill level 10 in Transmutations
   471 | D        | Reached XP level 6. HP: 28/38 MP: 3/9
   474 | D        | Killed a human
   474 | D        | Reached skill level 11 in Transmutations
   624 | D        | Found a glowing silver altar of Zin.
   628 | D        | Noticed a deep elf mage
   631 | D        | Killed a deep elf mage
   631 | D        | Reached skill level 5 in Fighting
   631 | D        | Reached skill level 5 in Dodging
   631 | D        | Reached skill level 12 in Transmutations
   631 | D        | Reached XP level 7. HP: 44/50 MP: 4/10
   708 | D        | Found a glowing golden altar of the Shining One.
   708 | D        | Found a white marble altar of Elyvilon.
   726 | D        | Reached XP level 8. HP: 52/56 MP: 5/11
   771 | D        | Noticed a shadow
   772 | D        | Killed a shadow
   772 | D        | Reached skill level 10 in Unarmed Combat
   777 | D        | Found a blossoming altar of Fedhas.
   777 | D        | Found a stormy altar of Qazlal.
   778 | D        | Found a snail-covered altar of Cheibriados.
   778 | D        | Found a burning altar of Makhleb.
   778 | D        | Found a hazy altar of Hepliaklqana.
   778 | D        | Found a shimmering altar of Xom.
   778 | D        | Found an opulent altar of Gozag.
   778 | D        | Found a sparkling altar of Nemelex Xobeh.
   778 | D        | Found a corrupted altar of Lugonu.
   778 | D        | Found a viscous altar of Jiyva.
   786 | D        | Became a worshipper of Gozag Ym Sagoz the Greedy
   871 | D        | Found a radiant altar of Vehumet.
   875 | D        | Found a shimmering blue altar of Sif Muna.
   875 | D        | Found an ancient bone altar of Kikubaaqudgha.
   875 | D        | Noticed a sun demon
   890 | D        | Learned a level 3 spell: Confusing Touch
   924 | D        | Found a basalt altar of Yredelemnul.
   924 | D        | Found a shadowy altar of Dithmenos.
   924 | D        | Found a sacrificial altar of Ru.
   970 | D        | Noticed Snorg
   976 | D        | Slain by Snorg

Illustrated notes

Levels and vault maps discovered:
D:        dungeon_sprint_mu [sprint_mu_entry_cave, sprint_mu_temple_rooms,
          sprint_mu_d1_horrors, sprint_mu_d2_genie, sprint_mu_d3_branching,
          sprint_mu_orc_legion, sprint_mu_elf_gauntlet, sprint_mu_hive_nellie,
          sprint_mu_lair_fedhas, sprint_mu_vaults_butterflies,
          sprint_mu_slime_circle, sprint_mu_swamp_cave, sprint_mu_snake_twists,
          sprint_mu_blade_basic, sprint_mu_crypt_fortress,
          sprint_mu_tomb_spiral, sprint_mu_vestibule_basic,
          sprint_mu_gehenna_hellfire, sprint_mu_dis_giant,
          sprint_mu_tartarus_statrot, sprint_mu_cocytus_islands, sprint_mu_zot1]

Skill      XL: |  1  2  3  4  5  6  7  8 |
---------------+-------------------------+-----
Unarmed Combat | 6 8 9 10 | 10.5
Transmutations | 4 7 10 12 | 12.2
Fighting       | 5 6 |  6.9
Dodging        | 5 6 |  6.6
Spellcasting   | |  2.0

Action                   |  1- 3 |  4- 6 |  7- 9 || total
-------------------------+-------+-------+-------++-------
Melee: Unarmed           |    18 |    15 |    17 ||    50
       Constrict         |     4 |     3 |     2 ||     9
       Tentacles         |     6 |     5 |     5 ||    16
       Kick              |     4 |     1 |       ||     5
       Punch             |     1 |     1 |       ||     2
 Cast: Beastly Appendage |     5 |     1 |       ||     6
       Blade Hands       |       |     2 |     5 ||     7
  Use: Potion            |       |       |     1 ||     1
 Stab: Sleeping          |     1 |       |       ||     1
Dodge: Dodged            |     8 |     3 |    12 ||    23

Table legend: (Time is in decaauts)
 A = Elapsed time spent in this place.
 B = Non-inter-level travel time spent in this place.
 C = Inter-level travel time spent in this place.
 D = Time resting spent in this place.
 E = Time spent auto-exploring this place.
 F = Levels seen in this place.
 G = Mean time per level.
                   A        B        C        D        E       F      G
               +--------+--------+--------+--------+--------+-----+--------+
         Total |    968 |    951 |     17 |    644 |     86 |   1 |  968.0 |
       Dungeon |    968 |    951 |     17 |    644 |     86 |   1 |  968.0 |
               +--------+--------+--------+--------+--------+-----+--------+

Top non-repeatable levels by time:
       D: 968 daAuts
